 Dungeon Crawl Stone Soup version 0.30-a0-1114-gd936c97349 (webtiles) character file.

Game seed: 4549305793143983597

5 FexLirch the Sneak (level 1, -1/11 HPs)
             Began as a Vine Stalker Brigand on Apr 20, 2023.
             Slain by a goblin
             ... wielding a +0 club
              (3 damage)
             ... on level 1 of the Dungeon.
             The game lasted 00:00:20 (81 turns).

FexLirch the Sneak (Vine Stalker Brigand)             Turns: 81, Time: 00:00:20

Health: -1/11      AC:  3    Str: 13    XL:     1   Next: 80%
Magic:  0/2        EV: 11    Int: 11    God:
Gold:   0          SH:  0    Dex: 15    Spells: 0/0 levels left

rFire   . . .      SeeInvis .    a - +2 dagger
rCold   . . .      Faith    .    (no shield)
rNeg    . . .      Spirit   +    b - +0 robe
rPois   .          Reflect  .    (no helmet)
rElec   .          Rampage  .    c - +0 cloak
rCorr   .                        (no gloves)
Will    .....                    (no boots)
Stlth   +++                      (no amulet)
HPRegen 0.21/turn                (no ring)
MPRegen 0.08/turn                (no ring)

@: no status effects
A: fangs 2, magic shield, antimagic bite, no potion heal 2
a: no special abilities


You were on level 1 of the Dungeon.
You visited 1 branch of the dungeon, and saw 1 of its levels.

Inventory:

Hand Weapons
 a - a +2 dagger (weapon)
Missiles
 d - 9 poisoned darts (quivered)
 e - 3 curare-tipped darts
Armour
 b - a +0 robe (worn)
 c - a +0 cloak (worn)
Scrolls
 f - a scroll of identify {unknown}


   Skills:
 + Level 1.9 Fighting
 - Level 1.7(1.8) Short Blades
 * Level 0.5(1.2) Long Blades
 - Level 1.7 Throwing
 + Level 0.9 Dodging
 + Level 4.9 Stealth


You couldn't memorise any spells.
You didn't know any spells.
Your spell library was empty.

Dungeon Overview and Level Annotations

Branches:
Dungeon (1/15)

Altars:


Innate Abilities, Weirdness & Mutations

You have extremely sharp teeth.
When hurt, damage is shared between your health and your magic reserves.
Your bite disrupts and absorbs the magic of your enemies.
Potions cannot restore your health.


Message History

The goblin shouts!
There are monsters nearby!
There are monsters nearby!
Found a short sword.
There are monsters nearby!
A goblin comes into view. It is wielding a +0 club.
The goblin hits you with a +0 club. The quokka barely misses you.
You barely miss the quokka.
The goblin shouts!
The goblin barely misses you.
The quokka bites you but does no damage.
You hit the quokka.
The quokka is heavily wounded.
The quokka barely misses you. The goblin hits you with a +0 club.
The goblin attacks as you move away! The goblin barely misses you.
You closely miss the quokka.
The quokka is heavily wounded.
The quokka misses you. The goblin closely misses you. The quokka misses you.
The quokka attacks as you move away! The quokka misses you.
You completely miss the quokka.
The quokka is heavily wounded.
The goblin hits you with a +0 club. The quokka bites you.
The goblin attacks as you move away! The goblin hits you with a +0 club.
You are too injured to fight recklessly!
You are too injured to fight recklessly!
The quokka misses you.
You are too injured to fight recklessly!
You are too injured to fight recklessly!
You see here a +0 hand axe of electrocution.
You hit the quokka.
You kill the quokka!
The goblin attacks as you move away! The goblin hits you with a +0 club.
The goblin attacks as you move away! The goblin hits you with a +0 club.
* * * LOW HITPOINT WARNING * * *
You are too injured to fight recklessly!
You closely miss the goblin. The goblin barely misses you.
You hit the goblin.
You kill the goblin!
The goblin hits you with a +0 club.
You die...

..#......#..##
#.#...........
#.#........###
#.#.##.†.#....
###.#......##.#.
#...#...##.##.#
#...........# .
....####g####### . #
#..@.# ##..###.# ....##
#.#
.#.##..##.###############
# #....................
...##...###############
#...........#
#..#...######.#
...##.....####.


You could see a goblin.

Vanquished Creatures
  2 ball pythons (D:1)
  A goblin (D:1)
  A quokka (D:1)
  A frilled lizard (D:1)
5 creatures vanquished.

Notes
Turn   | Place    | Note
-------+----------+-------------------------------------------
     0 | D:1      | FexLirch the Vine Stalker Brigand began the quest for the
                  | Orb.
     0 | D:1      | Reached XP level 1. HP: 11/11 MP: 2/2
    81 | D:1      | Slain by a goblin

Illustrated notes

Levels and vault maps discovered:
D:1:      wheals_arrival_linesprint, layout_basic, nicolae_eternal_life,
          nrook_loot_triangle, minivault_27, minmay_crystal_water

Action                     || total
---------------------------++-------
  Melee: Dagger            ||    10
   Stab: Sleeping          ||     1
 Armour: Robe              ||     1
  Dodge: Dodged            ||    10

Table legend: (Time is in decaauts)
 A = Elapsed time spent in this place.
 B = Non-inter-level travel time spent in this place.
 C = Inter-level travel time spent in this place.
 D = Time resting spent in this place.
 E = Time spent auto-exploring this place.
 F = Levels seen in this place.
 G = Mean time per level.
                   A        B        C        D        E       F      G
               +--------+--------+--------+--------+--------+-----+--------+
         Total |     80 |     80 |      0 |      0 |     44 |   1 |   80.0 |
       Dungeon |     80 |     80 |      0 |      0 |     44 |   1 |   80.0 |
               +--------+--------+--------+--------+--------+-----+--------+

Top non-repeatable levels by time:
     D:1: 80 daAuts
